AoeStats
← KoRYN

Arabia

503431581Analyzed
1v1 RM · 1mo ago on Aug 31, 2026· 28m 1s· 2 players
Game mode
Random Map
Map size
Tiny (2 player)
Population
200
Speed
Normal
Resources
Standard
Victory
Conquest
Starting age
Dark Age
Ending age
Imperial Age
RankedLock teamsTeams togetherTeam positionsShared explorationLock speedFull tech treeHidden civsTurbo modeCheats
Victory
Defeat
🇹🇷 Italians · Türkiye
1033
+34
🇪🇸 Sicilians · Spain
1000
-44
artemissi
8:01 Loom
10:05 Feudal Age
9:33 Loom
11:35 Feudal Age
12:12 Man-at-Arms
12:47 Double-Bit Axe
15:15 Town Watch
15:31 Fletching
23:26 Castle Age
24:03 Wheelbarrow
24:02 Padded Archer Armor
23:52 Crossbowman
25:14 Gold Mining
25:06 Horse Collar
KoRYN
0:44 Loom
11:52 Feudal Age
13:45 Double-Bit Axe
14:04 Town Watch
14:54 Stone Mining
Connection lost

Rejoining the realm…

Still unreachable

The connection could not be restored.

Session expired

The server has moved on; the page needs a fresh start.